Map: Dusty Gorge

Players

PureLegacy - Winner!

  • Race: Terran Terran
  • Spawn Location: 3:00

LOADBLASTER - Winner!

  • Race: Terran Terran
  • League: Master
  • Spawn Location: 5:00

SpaceMarine

  • Race: Zerg Zerg
  • League: Master
  • Spawn Location: 9:00

NiicDK

  • Race: Terran Terran
  • League: Master
  • Spawn Location: 11:00

VOD

Have the link to the VOD?

Description

Time

  • Played on: Nov. 26, 2018, 9:50 a.m.
  • Length: 13:16
Show
View Real Time Build Order
Export as new Build Order

PureLegacy Terran - Winner!

Build Orders: Reaper Expand 

Get SALT Encoding   

  12  0:02  SCV  
  14  0:14  SCV  
  14  0:19  Supply Depot  
  14  0:27  SCV  
  15  0:41  SCV  
  16  0:50  Barracks  
  16  0:54  Refinery  
  16  0:56  SCV  
  17  1:08  SCV  
  18  1:20  SCV  
  18  1:37  Reaper  
  18  1:38  Orbital Command  
  19  1:52  Command Center  
  19  2:00  Supply Depot  
  19  2:05  SCV  
  20  2:10  Barracks Reactor  
  20  2:17  SCV  
  20  2:22  Barracks  
  21  2:29  SCV  
  22  2:30  Barracks  
  21  2:41  Bunker, SCV  
  22  2:45  Marine  
  22  2:46  Marine  
  24  2:54  SCV  
  25  2:59  Supply Depot  
  25  3:03  Marine  
  25  3:04  Marine  
  27  3:10  Barracks Tech Lab  
  21  3:21  Marine x2  
  22  3:31  Marine  
  22  3:32  Stimpack  
  23  3:36  Orbital Command  
  24  3:41  Marine  
  24  3:42  Marine  
  24  3:48  Marine  
  26  3:52  Marine  
  26  3:54  SCV  
  28  4:02  Marine x2  
  30  4:06  SCV  
  30  4:07  SCV  
  30  4:09  Marine  
  33  4:10  Refinery  
  33  4:18  SCV  
  33  4:19  SCV  
  33  4:24  Factory  
  35  4:28  Marine x4  
  39  4:32  SCV  
  39  4:35  SCV  
  41  4:44  SCV  
  42  4:48  SCV  
  42  4:51  Marine  
  42  4:52  Marine  
  43  4:54  Marine x2  
  46  5:00  SCV x2  
  46  5:07  Command Center  
  47  5:13  Factory Reactor, Starport  
  47  5:16  SCV x2  
  47  5:20  Barracks Reactor  
  49  5:24  Supply Depot  
  49  5:28  SCV x2  
  51  5:32  Marine  
  51  5:33  Marine x2  
  54  5:43  Supply Depot  
  54  5:45  SCV x2  
  56  5:52  Engineering Bay  
  56  5:53  Engineering Bay  
  56  5:56  Combat Shield  
  56  5:57  SCV  
  56  5:59  SCV  
  56  6:01  Medivac x2  
  62  6:10  SCV  
  63  6:11  SCV  
  63  6:13  Refinery x2  
  63  6:14  Marine x3  
  63  6:15  Marine  
  68  6:21  Orbital Command  
  68  6:22  SCV  
  68  6:23  SCV  
  70  6:27  Supply Depot  
  70  6:29  Factory Tech Lab  
  70  6:40  SCV x2  
  70  6:42  Terran Infantry Armor Level 1, Terran Infantry Weapons Level 1, Marine x4  
  76  6:47  SCV  
  76  6:52  Supply Depot, SCV x2  
  79  6:58  Marine  
  79  7:00  Marine x4  
  79  7:01  Siege Tank  
  87  7:06  Supply Depot  
  87  7:14  Medivac x2  
  77  7:17  SCV x2  
  77  7:20  Orbital Command  
  77  7:22  Marine x5  
  83  7:24  Supply Depot  
  84  7:31  SCV  
  84  7:32  Barracks x2, SCV  
  86  7:40  Siege Tank  
  86  7:44  SCV x2  
  91  7:48  SCV  
  91  7:51  Sensor Tower, Medivac x2  
  94  7:56  SCV  
  94  7:57  SCV  
  98  8:01  SCV  
  99  8:07  Marine x2  
  99  8:08  Marine x3  
  99  8:12  Supply Depot x2, SCV x2  
  106  8:13  Refinery  
  106  8:20  SCV  
  106  8:22  Refinery  
  106  8:23  Barracks Reactor  
  106  8:24  Supply Depot, Barracks Reactor, SCV  
  106  8:25  Factory, Marine  
  106  8:26  SCV  
  110  8:32  SCV, Siege Tank  
  114  8:35  Armory  
  114  8:37  SCV  
  115  8:48  Barracks  
  115  8:49  Barracks  
  115  8:53  Medivac x2  
  119  8:56  Marine  
  119  8:57  Marine x4  
  119  9:01  Marine  
  125  9:06  Marine x2  
  127  9:12  Command Center  
  127  9:13  Supply Depot  
  127  9:22  Terran Infantry Weapons Level 2, Terran Infantry Armor Level 2  
  123  9:24  Marine x2  
  123  9:27  Marine  
  123  9:28  Marine x3  
  123  9:29  Siege Tank  
  123  9:31  Factory Tech Lab  
  116  9:39  Marine x2  
  116  9:49  Marine x2, Siege Tank  
  116  9:50  Marine x3  
  116  9:51  Barracks Reactor  
  116  9:52  Barracks Reactor  
  122  9:53  Marine  
  122  9:54  Marine  
  122  9:58  Supply Depot, Command Center  
  124  10:06  Marine x2  
  126  10:07  Marine  
  126  10:09  SCV x3  
  126  10:12  Supply Depot  
  126  10:14  Siege Tank  
  133  10:15  Medivac x2, Marine  
  133  10:16  Marine x3  
  133  10:21  Supply Depot  
  141  10:25  Marine x3  
  144  10:29  Marine x2  
  144  10:30  Terran Vehicle Weapons Level 1  
  144  10:32  Siege Tank  
  149  10:46  Medivac x2  
  149  10:47  Marine x2  
  149  10:48  Marine x4  
  157  10:50  Marine x2  
  157  10:57  Marine x2  
  145  11:00  Marine x2  
  145  11:01  Marine  
  150  11:05  Marine x3  
  150  11:06  Marine  
  150  11:07  Marine  
  150  11:10  Marine x2  
  150  11:11  Marine  
  147  11:14  Marine  
  147  11:15  Marine  
  147  11:16  Siege Tank x2  
  147  11:18  Marine  
  155  11:21  Supply Depot  
  155  11:22  Medivac x2  
  155  11:23  Marine x3  
  163  11:40  Marine x3  
  164  11:52  Marine x2  
  153  11:56  Marine x4  
  153  11:57  Marine x3  
  153  11:59  Siege Tank  
  157  12:03  Siege Tank  
  157  12:06  Marine x3  
  157  12:07  Marine  
  164  12:16  Marine x2  
  164  12:19  Marine  
  167  12:30  Marine x6  
  167  12:31  Marine, Siege Tank  
  177  12:55  Marine x2  
  177  12:56  Marine x11  
Show
View Real Time Build Order
Export as new Build Order

LOADBLASTER Terran - Winner!

Build Orders: Hellion Banshee, Mech 

Get SALT Encoding   

  12  0:01  SCV  
  13  0:13  SCV  
  14  0:18  Supply Depot  
  14  0:25  SCV  
  15  0:40  SCV  
  15  0:41  Barracks  
  16  0:45  Refinery  
  16  0:53  SCV  
  17  1:05  SCV  
  18  1:17  SCV  
  19  1:28  Marine  
  19  1:29  Orbital Command  
  20  1:45  Command Center  
  20  1:56  SCV  
  21  2:01  Factory  
  21  2:06  Barracks Reactor  
  21  2:12  SCV  
  21  2:13  Supply Depot  
  22  2:24  SCV  
  23  2:47  Starport  
  23  2:50  Hellion  
  23  2:51  Hellion, SCV  
  26  2:57  Barracks Tech Lab  
  27  3:01  Orbital Command  
  27  3:03  SCV  
  28  3:12  Hellion x2  
  32  3:16  SCV  
  33  3:28  SCV  
  33  3:30  SCV  
  33  3:31  Banshee  
  33  3:33  Hellion  
  40  3:34  Supply Depot  
  40  3:36  Hellion  
  40  3:40  SCV  
  43  3:42  SCV  
  44  3:52  SCV  
  44  3:54  SCV  
  46  3:56  Hellion  
  48  4:04  Hellion, SCV  
  48  4:06  SCV  
  48  4:08  Armory  
  52  4:16  Supply Depot, SCV  
  53  4:17  Hellion  
  53  4:22  SCV, Command Center  
  56  4:26  Hellion  
  56  4:30  SCV  
  56  4:31  Refinery  
  59  4:34  Refinery  
  59  4:35  SCV  
  60  4:41  Hellion  
  60  4:42  SCV  
  63  4:47  SCV  
  63  4:52  Hellion  
  66  4:54  SCV  
  66  4:59  Terran Vehicle Weapons Level 1, SCV  
  68  5:03  Hellion  
  70  5:12  Refinery  
  70  5:13  Supply Depot  
  70  5:14  Supply Depot  
  70  5:25  Factory, Barracks Tech Lab  
  70  5:26  Factory  
  70  5:28  SCV x2  
  71  5:36  Orbital Command  
  71  5:40  SCV  
  71  5:41  Hellion  
  73  5:43  Starport Reactor  
  73  5:45  SCV  
  73  5:46  Hellion  
  74  5:53  SCV  
  75  5:57  SCV  
  75  6:02  Hellion  
  78  6:05  SCV  
  78  6:09  SCV  
  75  6:17  SCV, Orbital Command  
  64  6:21  SCV  
  64  6:23  Thor x2  
  75  6:25  Medivac x2  
  75  6:29  SCV  
  75  6:32  Hellion x2  
  78  6:38  Refinery  
  79  6:42  Refinery, SCV  
  79  6:46  SCV  
  79  6:47  Factory x2, SCV  
  81  6:51  Supply Depot  
  81  6:54  SCV  
  82  6:58  SCV  
  82  6:59  SCV  
  84  7:04  Engineering Bay  
  84  7:06  SCV, Siege Tank  
  88  7:08  Siege Tank  
  88  7:11  SCV  
  93  7:18  Hellion, SCV  
  93  7:19  Viking  
  93  7:20  SCV  
  98  7:24  Supply Depot, SCV  
  98  7:29  Viking  
  101  7:30  SCV  
  101  7:34  Factory Reactor, Sensor Tower, Factory Tech Lab  
  102  7:38  Supply Depot, SCV, Siege Tank  
  102  7:43  Siege Tank  
  109  7:46  Hellion, SCV  
  112  7:51  Supply Depot  
  112  7:53  Hellion  
  112  7:58  Hellion  
  116  8:00  Terran Vehicle Weapons Level 2  
  116  8:06  Missile Turret  
  116  8:10  Siege Tank  
  121  8:12  Hellion  
  121  8:15  Infernal Pre-Igniter, Command Center  
  121  8:18  Hellion  
  123  8:20  Hellion  
  123  8:24  Hellion  
  130  8:27  Siege Tank  
  130  8:32  Armory  
  130  8:37  Supply Depot  
  130  8:38  Supply Depot  
  130  8:39  Siege Tank  
  133  8:44  Siege Tank  
  136  8:51  Viking x2  
  140  8:59  Hellion, Siege Tank  
  140  9:01  Hellion  
  147  9:03  Hellion  
  147  9:05  Hellion  
  151  9:14  Supply Depot  
  151  9:15  Supply Depot  
  154  9:22  Terran Vehicle And Ship Armor Level 1  
  154  9:23  Viking  
  156  9:27  Viking  
  158  9:35  Hellion  
  158  9:36  Factory  
  157  9:39  Factory  
  157  9:42  Factory  
  157  9:49  SCV  
  157  9:50  SCV, Siege Tank  
  157  9:51  Hellion  
  164  9:55  SCV  
  165  10:02  Siege Tank  
  165  10:03  Hellion  
  165  10:05  Sensor Tower, Hellion, Siege Tank  
  165  10:06  Supply Depot x2  
  175  10:08  SCV  
  175  10:10  Planetary Fortress  
  176  10:18  Viking  
  178  10:22  Factory Tech Lab x2  
  178  10:23  Siege Tank  
  178  10:27  Factory Reactor  
  173  10:29  Hellion  
  173  10:34  Refinery  
  173  10:35  Refinery  
  169  10:37  SCV x3  
  172  10:48  Viking  
  175  10:52  Smart Servos  
  172  10:57  Mag-Field Accelerator  
  172  11:00  Cyclone  
  172  11:03  Factory Reactor  
  169  11:06  Hellion x7  
  169  11:09  Hellion  
  181  11:19  Command Center  
  178  11:27  Hellion  
  178  11:28  Cyclone x2  
  178  11:30  Cyclone, Hellion  
  179  11:33  Cyclone  
  179  11:34  Cyclone  
  179  11:39  Hellion  
  185  11:48  Hellion  
  187  11:58  Hellion  
  187  12:00  Cyclone x2  
  195  12:02  Cyclone  
  195  12:04  Hellion  
  198  12:15  Hellion  
Show
View Real Time Build Order
Export as new Build Order

SpaceMarine Zerg 

Build Orders: Hatch First, Swarm Host 

Get SALT Encoding   

  12  0:01  Drone  
  13  0:08  Drone  
  14  0:18  Overlord  
  14  0:22  Extractor  
  14  0:24  Drone  
  15  0:36  Drone x2  
  17  0:44  Drone  
  18  1:00  Hatchery  
  17  1:04  Drone  
  17  1:06  Drone  
  19  1:13  Extractor  
  18  1:18  Extractor  
  18  1:25  Spawning Pool  
  16  1:30  Drone  
  16  1:31  Drone  
  18  1:34  Extractor  
  18  1:40  Drone  
  19  1:53  Overlord  
  19  2:03  Drone  
  20  2:10  Drone  
  20  2:12  Queen  
  20  2:13  Overlord  
  23  2:16  Queen  
  25  2:23  Drone x2  
  25  2:29  Metabolic Boost  
  27  2:40  Drone x2  
  29  2:45  Drone  
  29  2:46  Drone  
  31  2:52  Overlord  
  31  2:58  Zergling x2  
  32  3:07  Zergling x4  
  34  3:17  Zergling x4  
  36  3:22  Zergling x6  
  36  3:24  Zergling x6  
  42  3:31  Zergling x4  
  44  3:39  Overlord  
  44  3:41  Hatchery  
  43  3:54  Drone  
  44  3:57  Queen  
  42  4:04  Drone x5  
  42  4:05  Drone  
  42  4:09  Extractor  
  47  4:12  Drone  
  47  4:16  Drone  
  49  4:22  Evolution Chamber  
  49  4:23  Drone  
  49  4:26  Drone x2, Roach Warren  
  49  4:27  Drone  
  51  4:32  Overlord  
  51  4:40  Overlord  
  51  4:50  Queen  
  51  4:52  Drone x3  
  56  4:53  Drone  
  56  4:56  Overlord x4  
  56  4:57  Zerg Missile Weapons Level 1  
  57  5:14  Lair  
  57  5:16  Roach  
  59  5:22  Drone x8  
  59  5:27  Spore Crawler  
  59  5:28  Spore Crawler  
  65  5:32  Roach x3  
  71  5:38  Roach  
  71  5:39  Roach  
  71  5:42  Roach  
  77  5:49  Roach x2  
  76  5:51  Queen x2  
  76  6:00  Roach x2  
  70  6:28  Drone  
  70  6:29  Drone x11  
  82  6:38  Extractor  
  81  6:41  Extractor  
  80  6:55  Overlord x2  
  80  6:57  Roach x4  
  80  7:00  Zerg Missile Weapons Level 2  
  88  7:05  Drone  
  88  7:07  Drone x5  
  88  7:08  Drone x5  
  99  7:13  Roach  
  101  7:24  Hatchery  
  100  7:33  Roach x6  
  112  7:39  Hydralisk Den  
  111  7:53  Overlord x5  
  111  7:54  Overlord  
  111  8:05  Glial Reconstitution, Infestation Pit  
  110  8:10  Hatchery  
  109  8:13  Pneumatized Carapace  
  109  8:19  Drone x10  
  122  8:20  Drone x3  
  122  8:38  Drone x5  
  122  8:39  Drone  
  128  8:41  Hatchery  
  128  8:45  Queen x2  
  128  8:46  Hatchery  
  130  8:56  Queen  
  130  9:01  Zergling x6  
  130  9:02  Zergling x16  
  144  9:21  Queen  
  144  9:23  Hatchery  
  145  9:24  Queen  
  147  9:31  Swarm Host  
  147  9:32  Swarm Host x4  
  147  9:34  Overlord  
  147  9:35  Overlord x7  
  151  9:55  Swarm Host x8  
  151  9:56  Swarm Host x3  
  182  10:07  Swarm Host x3  
  191  10:14  Spine Crawler  
  191  10:15  Spine Crawler  
  191  10:16  Spine Crawler x3  
  191  10:17  Swarm Host, Spine Crawler  
  142  10:58  Roach x7  
  142  10:59  Roach x2  
  115  11:26  Queen  
  96  11:47  Queen  
Show
View Real Time Build Order
Export as new Build Order

NiicDK Terran 

Build Orders:  

Get SALT Encoding   

  12  0:00  SCV  
  13  0:13  SCV  
  14  0:18  Supply Depot  
  14  0:25  SCV  
  15  0:29  Refinery  
  15  0:40  SCV  
  16  0:47  Barracks  
  16  0:55  SCV  
  17  1:07  SCV  
  17  1:08  Barracks  
  18  1:19  SCV  
  19  1:35  Reaper  
  19  1:37  Barracks  
  19  1:39  Refinery  
  20  1:52  Orbital Command  
  20  1:56  Reaper  
  21  2:07  Supply Depot  
  21  2:08  Reaper  
  22  2:19  SCV  
  23  2:28  Reaper  
  24  2:34  Reaper  
  24  2:36  SCV  
  26  2:40  Reaper  
  26  2:41  Supply Depot  
  27  2:48  SCV  
  28  3:00  Reaper  
  28  3:04  Supply Depot  
  29  3:06  Reaper  
  30  3:13  Reaper  
  31  3:33  Reaper  
  31  3:34  Supply Depot  
  31  3:35  Command Center  
  31  3:38  Reaper, SCV  
  33  3:45  Reaper  
  34  4:09  Supply Depot  
  33  4:13  Barracks Reactor  
  33  4:17  Barracks Tech Lab  
  33  4:19  Barracks Reactor  
  32  4:25  SCV  
  32  4:26  Engineering Bay  
  32  4:27  Engineering Bay  
  33  4:37  SCV  
  34  4:46  Marine  
  34  4:49  SCV  
  33  5:02  Marine x3, SCV  
  33  5:03  Marine  
  33  5:04  Terran Infantry Armor Level 1, Terran Infantry Weapons Level 1, Stimpack  
  38  5:10  Marine  
  38  5:17  Missile Turret  
  38  5:20  Marine  
  39  5:23  Orbital Command  
  39  5:29  Missile Turret, SCV  
  39  5:32  Marine  
  35  5:40  Supply Depot  
  35  5:45  Marine x2  
  37  5:50  Marine x2  
  37  5:51  Marine  
  37  5:55  SCV x2  
  42  6:03  Marine  
  42  6:04  Marine  
  44  6:12  Marine x2  
  44  6:13  Marine  
  47  6:21  Marine x2  
  49  6:26  SCV  
  49  6:29  SCV  
  49  6:32  Refinery, Marine x3  
  54  6:38  Marine, SCV  
  54  6:39  Factory  
  56  6:41  SCV  
  56  6:43  Marine  
  58  6:50  SCV  
  58  6:51  Marine x2  
  58  6:52  Marine  
  58  6:53  SCV  
  63  6:56  Marine  
  64  7:02  Marine, SCV  
  64  7:05  Combat Shield  
  64  7:07  SCV  
  67  7:09  Marine x3  
  64  7:16  Marine  
  64  7:20  Marine  
  64  7:22  SCV  
  67  7:23  Supply Depot  
  67  7:24  Refinery, Starport  
  67  7:25  Factory Reactor  
  67  7:27  Marine x2  
  67  7:29  Marine  
  70  7:31  Armory, SCV  
  70  7:35  Marine  
  72  7:38  Marine  
  73  7:50  Marine x2, Command Center  
  75  7:53  SCV x2  
  77  7:59  Marine x3  
  77  8:05  SCV  
  81  8:08  Factory Tech Lab  
  81  8:09  Medivac x2  
  81  8:11  SCV  
  86  8:16  Marine x2  
  88  8:21  Marine x2  
  88  8:23  Terran Infantry Weapons Level 2  
  88  8:24  Terran Infantry Armor Level 2  
  90  8:32  Marine  
  90  8:34  Marine  
  91  8:39  Supply Depot  
  91  8:40  Supply Depot  
  92  8:49  Marine x2  
  92  8:55  Supply Depot  
  94  9:00  Medivac x2, Marine, Siege Tank  
  94  9:01  Marine x2  
  104  9:07  Marine  
  105  9:11  Marine  
  105  9:13  Missile Turret  
  105  9:16  Missile Turret  
  106  9:17  Missile Turret  
  106  9:18  Marine  
  106  9:19  Marine x2  
  107  9:25  Marine  
  107  9:29  Marine  
  91  9:41  Marine  
  91  9:42  Marine  
  77  9:45  Marine  
  77  9:46  Marine  
  79  9:56  Marine  
  79  9:59  Medivac x2, Marine x2  
  85  10:01  SCV  
  85  10:02  Barracks, Orbital Command  
  85  10:04  Barracks  
  85  10:05  SCV  
  88  10:07  Marine  
  88  10:13  SCV  
  90  10:17  Marine  
  90  10:18  Marine x2  
  90  10:20  SCV  
  94  10:25  Marine x2  
  94  10:28  SCV  
  96  10:35  Marine  
  95  10:43  Marauder  
  95  10:47  Siege Tank  
  95  10:48  Marine x2  
  100  10:51  Marine x2  
  95  10:59  Orbital Command  
  95  11:00  Marine x2  
  97  11:04  Viking x2, Marauder  
  100  11:14  Marine x2  
  100  11:15  Marine  
  102  11:19  Barracks Tech Lab  
  102  11:20  Barracks Tech Lab  
  102  11:22  Orbital Command  
  102  11:28  Marine x2  
  102  11:32  Marine  
  104  11:34  Marine  
  104  11:39  Medivac x2  
  95  11:48  Marine x4  
Tags
 
Add a new tag
Caveats
  • Supply blocks, unpowered buildings, or Contaminate may cause inaccurate times.
  • Supply counts are checked every 10 seconds.